 Dungeon Crawl Stone Soup version 0.30-a0-860-g512cf1e979 (webtiles) character file.

Game seed: 8619841363813312575

240 browni3141 the Cutter (level 6, 0/35 HPs)
             Began as a Kobold Artificer on Mar 7, 2023.
             Was a Follower of Uskayaw.
             Slain by a kobold brigand
             ... wielding a +0 dagger
              (3 damage)
             ... in a sewer.
             The game lasted 00:04:55 (3688 turns).

browni3141 the Cutter (Kobold Artificer)            Turns: 3688, Time: 00:04:56

Health: 0/35       AC:  8    Str:  6    XL:     6   Next: 30%
Magic:  6/6        EV: 14    Int: 16    God:    Uskayaw [*.....]
Gold:   46         SH:  0    Dex: 18    Spells: 5/5 levels left

rFire   . . .      SeeInvis .    g - +0 rapier
rCold   . . .      Faith    .    l - orb {guile}
rNeg    . . .      Spirit   .    b - +0 leather armour
rPois   .          Reflect  .    C - +0 helmet
rElec   +          Rampage  .    (no cloak)
rCorr   .                        v - +2 pair of gloves
Will    .....                    o - +0 pair of boots
Stlth   ++++                     (no amulet)
HPRegen 0.25/turn                y - ring of Ynwuosch {*Slow rElec Str-3 Int+4 Slay+4}
MPRegen 0.10/turn                (no ring)

@: no status effects
A: small, no large weapons, nightstalker 3
a: Renounce Religion, Stomp


You were in a sewer.
You worshipped Uskayaw.
Uskayaw was noncommittal.
You visited 2 branches of the dungeon, and saw 6 of its levels.
You also visited: Sewer.

You collected 222 gold pieces.
You spent 176 gold pieces at shops.

Inventory:

Hand Weapons
 a - a +0 club
 f - a +0 short sword
 g - a +0 rapier (weapon)
Armour
 b - a +0 leather armour (worn)
 l - an orb of guile (worn)
 o - a +0 pair of boots (worn)
 v - a +2 pair of gloves (worn)
 C - a +0 helmet (worn)
Jewellery
 y - the ring of Ynwuosch (left hand) {*Slow rElec Str-3 Int+4 Slay+4}
   (You took it off a hobgoblin on level 4 of the Dungeon)

   [ring of slaying]

   Str:       It affects your strength (-3).
   Int:       It affects your intelligence (+4).
   Slay:      It affects your accuracy & damage with ranged weapons and melee
   (+4).
   rElec:     It insulates you from electricity.
   *Slow:     It may slow you when you take damage.
Wands
 c - a wand of flame (13) (quivered)
 d - a wand of charming (13)
 e - a wand of iceblast (5)
Scrolls
 i - 2 scrolls of fog {unknown}
 k - 3 scrolls of identify {unknown}
 p - 4 scrolls of blinking {unknown}
 r - a scroll of vulnerability {unknown}
 s - 2 scrolls of teleportation {unknown}
 t - a scroll of amnesia {unknown}
 w - a scroll of acquirement {unknown}
Potions
 h - 2 potions of ambrosia {unknown}
 j - 2 potions of magic {unknown}
 m - a potion of flight {unknown}
 n - 2 potions of curing
 q - 2 potions of heal wounds
 u - a potion of brilliance {unknown}
 x - a potion of degeneration {unknown}
 z - a potion of might {unknown}
 A - a potion of invisibility
 B - a potion of haste {unknown}


   Skills:
 - Level 2.0 Fighting
 * Level 5.6 Short Blades
 - Level 1.0 Armour
 - Level 3.0 Dodging
 - Level 4.0 Stealth
 - Level 4.0 Evocations


You had 5 spell levels left.
You didn't know any spells.
Your spell library contained the following spells:

 Spells                   Type           Power      Damage    Failure   Level
 Sting                    Tmut/Pois      0%         1d3       36%         1
 Poisonous Vapours        Pois/Air       0%         N/A       52%         2
 Olgreb's Toxic Radiance  Pois           0%         N/A       98%         4


Dungeon Overview and Level Annotations

Branches:
Dungeon (5/15)             Temple (1/1) D:4           Sewer (1/1)

Altars:
Ashenzari
Cheibriados
Dithmenos
Fedhas
Hepliaklqana
Makhleb
Nemelex Xobeh
Okawaru
Ru
Trog
Uskayaw
Vehumet
Wu Jian
Xom
Yredelemnul
Zin

Shops:
D:4 !


Innate Abilities, Weirdness & Mutations

You are small and have problems with some larger weapons.
You are completely attuned to the shadows.


Message History

You feel sick.
Your kobold brigand splashes around in the water.
The kobold brigand throws a poisoned dart.
The poisoned dart hits your kobold brigand!
Your kobold brigand is poisoned.
You feel sick.
Your kobold brigand splashes around in the water.
The kobold brigand hits your kobold brigand but does no damage.
You feel sick.
Your kobold brigand splashes around in the water.
The kobold brigand hits your kobold brigand with a +0 dagger.
You feel sick.
You are no longer poisoned.
Your kobold brigand splashes around in the water.
The kobold brigand hits your kobold brigand with a +0 dagger.
Your kobold brigand hits the kobold brigand with a +0 short sword.
The kobold brigand throws a poisoned dart.
The poisoned dart hits your kobold brigand.
Your kobold brigand looks even sicker.
Your kobold brigand hits the kobold brigand with a +0 short sword.
The kobold brigand hits your kobold brigand with a +0 dagger.
Your kobold brigand dies!
You hear a splash. x2
Aiming: Throw Flame
Press: ? - help, Q - select action, (/) - cycle Shift-Dir - straight line, f - kobold brigand
Aim: a kobold brigand, wielding a +0 dagger and quivering poisoned darts (moderately wounded, 64% to hit)
The puff of flame hits the kobold brigand!
The kobold brigand is severely wounded.
Unknown command.
You hit the kobold brigand.
The kobold brigand is severely wounded.
The kobold brigand closely misses you.
You hit the kobold brigand.
The kobold brigand is almost dead.
The kobold brigand hits you with a +0 dagger.
* * * LOW HITPOINT WARNING * * *
You barely miss the kobold brigand.
The kobold brigand is almost dead.
The kobold brigand hits you with a +0 dagger.
You die...

## #.###
##...##
#..)K@#
##~?.##
##~.#
#.## #.#
#.#
##.##
##~.~##
#..~..##


You could see a kobold brigand.

Vanquished Creatures
  An iguana (D:4)
  An orc wizard (D:3)
  9 adders
  A shadow imp (D:5)
  4 worms (D:2)
  3 dart slugs
  5 orcs (D:3)
  5 ball pythons
  9 endoplasms
  5 giant cockroaches
  7 goblins
  9 hobgoblins
  A quokka (D:1)
  3 bats
  2 frilled lizards (D:1)
  8 kobolds
  7 rats
80 creatures vanquished.

Vanquished Creatures (others)
  A kobold brigand (Sewer)
  A kobold (D:1)
2 creatures vanquished.

Grand Total: 82 creatures vanquished

Notes
Turn   | Place    | Note
-------+----------+-------------------------------------------
     0 | D:1      | browni3141 the Kobold Artificer began the quest for the
                  | Orb.
     0 | D:1      | Reached XP level 1. HP: 12/12 MP: 1/1
    99 | D:1      | Reached XP level 2. HP: 16/16 MP: 2/2
   271 | D:1      | Reached skill level 1 in Short Blades
   530 | D:1      | Reached XP level 3. HP: 20/21 MP: 3/3
   639 | D:1      | HP: 1/21 [kobold/+0 dagger (2)]
  1173 | D:2      | Reached skill level 2 in Short Blades
  1214 | D:2      | Reached XP level 4. HP: 26/26 MP: 4/4
  1279 | D:2      | Reached skill level 1 in Armour
  1931 | D:3      | Found a shadowy altar of Dithmenos.
  2098 | D:3      | Found an iron altar of Okawaru.
  2161 | D:3      | Reached XP level 5. HP: 30/30 MP: 5/5
  2259 | D:3      | Found a faded altar of an unknown god.
  2466 | D:3      | Reached skill level 3 in Short Blades
  2550 | D:3      | Found a burning altar of Makhleb.
  2673 | D:4      | Reached skill level 4 in Short Blades
  2799 | D:4      | Found a staircase to the Ecumenical Temple.
  2809 | D:4      | Identified the ring of Ynwuosch {*Slow rElec Str-3 Int+4
                  | Slay+4}
  2844 | Temple   | Entered the Ecumenical Temple
  3197 | Temple   | Became a worshipper of Uskayaw the Reveller
  3292 | D:4      | Reached * piety under Uskayaw
  3378 | D:4      | Found Kunikatzul's Distillery.
  3384 | D:4      | Bought a potion of invisibility for 88 gold pieces
  3384 | D:4      | Bought a potion of heal wounds for 55 gold pieces
  3384 | D:4      | Bought a potion of curing for 33 gold pieces
  3496 | D:5      | Entered Level 5 of the Dungeon
  3551 | D:5      | Reached XP level 6. HP: 35/35 MP: 6/6
  3568 | D:5      | Found a glowing drain.
  3576 | D:5      | Reached skill level 5 in Short Blades
  3586 | D:5      | Reached ** piety under Uskayaw
  3605 | Sewer    | Entered a sewer
  3688 | Sewer    | Slain by a kobold brigand

Illustrated notes

Levels and vault maps discovered:
D:1:      erik_arrival_blinker_ship, layout_loops_ring
D:2:      layout_basic
D:3:      layout_rooms, nicolae_dithmenos_through_a_glass_darkly,
          marbit_many_paths, okawaru_gym_becter, chequers_ecumenical_altar_grove
D:4:      layout_gridville, minmay_temple_entry_large_hall, serial_shops,
          nicolae_lakefront_shop
D:5:      nicolae_cairo_tiling, layout_rooms, serial_shops, shop,
          gup_sewer_entry_glass
Temple:   compressed_dpeg_triangle_lava_temple
Sewer:    sewer_co_15_rooms

Skill      XL: |  1  2  3  4  5  6 |
---------------+-------------------+-----
Stealth        | 2 3 4 |  4.0
Short Blades   | 1 2 4 5 |  5.6
Fighting       | 2 |  2.0
Armour         | 1 |  1.0
Evocations     | 4 |  4.0
Dodging        | 3 |  3.0

Action                     |  1- 3 |  4- 6 || total
---------------------------+-------+-------++-------
  Melee: Club              |    20 |       ||    20
         Rapier            |     4 |   139 ||   143
         Short sword       |    77 |    34 ||   111
         Punch             |       |     1 ||     1
  Evoke: Wand              |     2 |     2 ||     4
   Stab: Sleeping          |     7 |    26 ||    33
 Armour: Leather armour    |    18 |    37 ||    55
  Dodge: Dodged            |    78 |    96 ||   174

Table legend: (Time is in decaauts)
 A = Elapsed time spent in this place.
 B = Non-inter-level travel time spent in this place.
 C = Inter-level travel time spent in this place.
 D = Time resting spent in this place.
 E = Time spent auto-exploring this place.
 F = Levels seen in this place.
 G = Mean time per level.
                   A        B        C        D        E       F      G
               +--------+--------+--------+--------+--------+-----+--------+
         Total |   3696 |   3543 |    153 |      0 |   2752 |   7 |  528.0 |
       Dungeon |   3237 |   3118 |    119 |      0 |   2405 |   5 |  647.4 |
        Temple |    369 |    335 |     34 |      0 |    302 |   1 |  369.0 |
         Sewer |     89 |     89 |      0 |      0 |     45 |   1 |   89.0 |
               +--------+--------+--------+--------+--------+-----+--------+

Top non-repeatable levels by time:
     D:2: 955 daAuts
     D:1: 933 daAuts
     D:3: 731 daAuts
     D:4: 508 daAuts
  Temple: 369 daAuts
     D:5: 108 daAuts
   Sewer: 89 daAuts
